 Dungeon Crawl Stone Soup version 0.31-a0-325-g067879e3d3 (webtiles) character file.

Game seed: 2289400569873997190

80 porpoise the Chopper (level 4, 0/41 HPs)
             Began as a Hill Orc Monk on July 18, 2023.
             Killed from afar by an orc wizard (7 damage)
             ... with a puff of flame
             ... on level 2 of the Dungeon.
             The game lasted 00:03:11 (1349 turns).

porpoise the Chopper (Hill Orc Monk)                Turns: 1349, Time: 00:03:11

Health: 0/41       AC:  5    Str: 15    XL:     4   Next: 39%
Magic:  4/4        EV: 12    Int: 10    God:
Gold:   43         SH:  0    Dex: 19    Spells: 3/3 levels left

rFire   . . .        a - +0 hand axe
rCold   . . .        (no shield)
rNeg    . . .        e - +0 ring mail
rPois   .            (no helmet)
rElec   .            p - scarf {+Inv}
rCorr   .            (no gloves)
SInv    .            (no boots)
Will    .....        (no amulet)
Stlth   +            h - +6 ring of dexterity
HPRegen 0.26/turn    (no ring)
MPRegen 0.09/turn

%: no passive effects
@: no status effects
A: no striking features
a: Evoke Invisibility


You were on level 2 of the Dungeon.
You visited 1 branch of the dungeon, and saw 2 of its levels.

You collected 43 gold pieces.

Inventory:

Hand Weapons
 a - a +0 hand axe (weapon)
Armour
 b - a +0 robe
 d - an orb of light
 e - a +0 ring mail (worn)
 p - a scarf of invisibility (worn)
Jewellery
 h - a +6 ring of dexterity (left hand)
 m - an amulet of guardian spirit
Scrolls
 f - 2 scrolls of identify {unknown}
 g - a scroll of vulnerability {unknown}
 k - a scroll of poison {unknown}
 n - a scroll of silence {unknown}
 o - a scroll of teleportation {unknown}
 q - a scroll of noise {unknown}
Potions
 c - a potion of ambrosia
 i - a potion of lignification {unknown}
 j - a potion of brilliance {unknown}
 l - a potion of curing {unknown}


   Skills:
 + Level 4.7 Fighting
 + Level 5.0 Axes
 + Level 3.1 Dodging


You had 3 spell levels left.
You didn't know any spells.
Your spell library was empty.

Dungeon Overview and Level Annotations

Branches:
Dungeon (2/15)

Altars:
Ashenzari


Message History

The orc wizard flickers and vanishes!
The orc hits you with a +0 whip. Something hits you but does no damage.
You slash something! You miss something. You closely miss the orc.
Something hits you but does no damage. The orc barely misses you.
You hear some strange, mumbled words.
A magic dart appears from out of thin air!
The magic dart hits you.
You barely miss something. x2; You hit the orc but do no damage.
Something hits you. The orc hits you with a +0 whip. Something hits you.
You closely miss something. You hit the orc but do no damage.
You hit something but do no damage.
You hear some strange, mumbled words.
Something tries to affect you, but you resist.
The orc barely misses you. Something hits you but does no damage.
You miss something. You hit something but do no damage.
You closely miss the orc. Something hits you. The orc closely misses you.
Something hits you.
You barely miss something. You hit the orc.
You kill the orc!
You hit something. Something hits you. Something completely misses you.
You hit something but do no damage. You miss something. You hit the orc.
Something hits you but does no damage. The orc hits you with a +0 club.
Something hits you but does no damage.
You hit something but do no damage. You hit something. You barely miss the orc.
You hear some strange, mumbled words.
A magic dart appears from out of thin air!
The magic dart hits you.
* * * LOW HITPOINT WARNING * * *
The orc closely misses you. Something hits you but does no damage.
You hit something but do no damage. x2; You barely miss the orc.
Something hits you but does no damage. The orc closely misses you.
You hear some strange, mumbled words.
A magic dart appears from out of thin air!
The magic dart hits you.
* * * LOW HITPOINT WARNING * * *
You barely miss something. x2; You hit the orc.
You hear some strange, mumbled words.
A puff of flame appears from out of thin air!
The puff of flame hits you!
You die...

... .#......†....~~....
.... #......#...~....~~
.....#..........~..~~..
..>).....###.....~~....
###(###...##........⌠~~
###...#............~~⌠.
.........##.......~....
..######..#........~..~~
......{@....#.......~~..
.#....o{....# .. ......
##.........# .....~
#............
...........#..
................ #
###.........#... .
#...........# ## # . ..
#.##


You could see an orc.

Vanquished Creatures
  3 adders
  A worm (D:2)
  4 dart slugs
  2 orcs (D:2)
  An endoplasm (D:1)
  3 giant cockroaches
  3 hobgoblins
  3 jackals (D:1)
  2 quokkas (D:2)
  8 ball pythons
  2 bats
  2 frilled lizards (D:1)
  2 kobolds (D:1)
  4 rats
40 creatures vanquished.

Notes
Turn   | Place    | Note
-------+----------+-------------------------------------------
     0 | D:1      | porpoise the Hill Orc Monk began the quest for the Orb.
     0 | D:1      | Reached XP level 1. HP: 19/19 MP: 1/1
   281 | D:1      | Reached XP level 2. HP: 22/27 MP: 2/2
   587 | D:1      | Reached XP level 3. HP: 31/33 MP: 3/3
  1151 | D:2      | Reached XP level 4. HP: 37/41 MP: 4/4
  1282 | D:2      | Reached skill level 5 in Axes
  1328 | D:2      | Found a broken altar of Ashenzari.
  1349 | D:2      | Killed from afar by an orc wizard

Illustrated notes

Levels and vault maps discovered:
D:1:      sevenhm_arrival_forest_fort_small_6, layout_basic, minmay_quantized
D:2:      cheibrodos_helix_gallery, layout_rooms, basic_altar

Skill      XL: |  1  2  3  4 |
---------------+-------------+-----
Fighting       | 4 |  4.7
Dodging        | 3 |  3.1
Axes           | 5 |  5.0

Action                     |  1- 3 |  4- 6 || total
---------------------------+-------+-------++-------
  Melee: Hand axe          |    89 |    47 ||   136
   Stab: Sleeping          |     1 |       ||     1
 Armour: Ring mail         |    39 |    22 ||    61
         Robe              |     1 |       ||     1
  Dodge: Dodged            |    58 |    28 ||    86

Table legend: (Time is in decaauts)
 A = Elapsed time spent in this place.
 B = Non-inter-level travel time spent in this place.
 C = Inter-level travel time spent in this place.
 D = Time resting spent in this place.
 E = Time spent auto-exploring this place.
 F = Levels seen in this place.
 G = Mean time per level.
                   A        B        C        D        E       F      G
               +--------+--------+--------+--------+--------+-----+--------+
         Total |   1360 |   1341 |     19 |    231 |    797 |   2 |  680.0 |
       Dungeon |   1360 |   1341 |     19 |    231 |    797 |   2 |  680.0 |
               +--------+--------+--------+--------+--------+-----+--------+

Top non-repeatable levels by time:
     D:1: 1075 daAuts
     D:2: 285 daAuts
